 Dungeon Sprint DCSS version 0.28.0-49-g6dfe1f597d (webtiles) character file.

Game seed: 18303526452497177118

36222 Revguard the Tortoise (level 13, -12/139 HPs)
             Began as a Gargoyle Fighter on May 17, 2022.
             Was a Believer of Yredelemnul.
             Mangled by an earth elemental (22 damage)
             ... in the Dungeon (Sprint V: "Ziggurat Sprint").
             The game lasted 00:28:36 (1359 turns).

Revguard the Tortoise (Gargoyle Fighter)            Turns: 1359, Time: 00:28:38

Health: -12/139    AC: 48    Str: 29    XL:     13   Next: 88%
Magic:  11/24      EV:  9    Int:  8    God:    Yredelemnul [**....]
Gold:   0          SH: 32    Dex: 17    Spells: 12/12 levels left

rFire   + . .      SeeInvis +   E - +9 demon whip (freeze)
rCold   + + .      Faith    .   G - +18 shield of the Gong {rElec rN+ Will+ EV-5}
rNeg    + + +      Spirit   .   F - +15 Maxwell's patent armour {-Cast -Tele rElec Will+ rCorr}
rPois   ∞          Reflect  .   H - +1 helmet {SInv}
rElec   +          Harm     .   (no cloak)
rCorr   +          Rampage  .   (no gloves)
Will    ++...      NoTele   +   (no boots)
Stlth   .......... NoCast   +   M - amulet of Axeteq {Acrobat rC++ rN+ Regen+}
HPRegen 1.13/turn               O - ring of Panentheism {rF+ AC+4 Str+7 Dex+4}
MPRegen 0.19/turn               N - ring "Vithag" {Slay+4 SInv}

@: berserking, studying 2 skills, invisible, very quick
A: sickness immunity, AC +9, negative energy resistance 1, electricity
resistance, torment resistance 1, petrification resistance
a: Renounce Religion, Recall Undead Harvest, Dark Bargain


You were in the Dungeon.
You worshipped Yredelemnul.
Yredelemnul was pleased with you.
You visited 1 branch

Inventory:

Hand Weapons
 E - a +9 demon whip of freezing (weapon)
Armour
 F - the +15 Maxwell's patent armour (worn) {-Cast -Tele rElec Will+ rCorr}
   (You found it in the Dungeon)

   rElec:     It insulates you from electricity.
   -Cast:     It prevents spellcasting.
   -Tele:     It prevents most forms of teleportation.
   rCorr:     It protects you from acid and corrosion.
   Will:      It increases your willpower.
 G - the +18 shield of the Gong (worn) {rElec rN+ Will+ EV-5}
   (You found it in the Dungeon)

   It is deafeningly noisy when blocking attacks.
   EV:        It affects your evasion (-5).
   rElec:     It insulates you from electricity.
   rN:        It protects you from negative energy.
   Will:      It increases your willpower.
 H - a +1 helmet of see invisible (worn)
Jewellery
 a - a ring of ice
 b - the ring "Asalifoc" {rPois Will+ rCorr Dex+4}
   (You found it in the Dungeon)

   [ring of resist corrosion]

   Dex:       It affects your dexterity (+4).
   rPois:     It protects you from poison.
   rCorr:     It protects you from acid and corrosion.
   Will:      It increases your willpower.
 M - the amulet of Axeteq (around neck) {Acrobat rC++ rN+ Regen+}
   (You found it in the Dungeon)

   [amulet of the acrobat]

   It increases your evasion while moving and waiting.
   rC:        It greatly protects you from cold.
   rN:        It protects you from negative energy.
   Regen:     It increases your rate of health regeneration.
 N - the ring "Vithag" (right hand) {Slay+4 SInv}
   (You found it in the Dungeon)

   [ring of slaying]

   Slay:      It affects your accuracy & damage with ranged weapons and melee
   (+4).
   SInv:      It lets you see invisible.
 O - the ring of Panentheism (left hand) {rF+ AC+4 Str+7 Dex+4}
   (You found it in the Dungeon)

   [ring of protection]

   AC:        It affects your AC (+4).
   Str:       It affects your strength (+7).
   Dex:       It affects your dexterity (+4).
   rF:        It protects you from fire.
 R - the ring "Byqica" {rF+ rN+ Str+6 Int+4}
   (You found it in the Dungeon)

   [ring of strength]

   Str:       It affects your strength (+6).
   Int:       It affects your intelligence (+4).
   rF:        It protects you from fire.
   rN:        It protects you from negative energy.
Wands
 A - a wand of mindburst (7)
 B - a wand of iceblast (7)
 C - a wand of acid (3)
Scrolls
 j - 4 scrolls of blinking
 o - 4 scrolls of amnesia
 p - 8 scrolls of fog
 q - a scroll of holy word
 r - 5 scrolls of identify
 s - 2 scrolls of fear
Potions
 d - 7 potions of might
 e - 10 potions of curing
 f - 12 potions of heal wounds
 g - 10 potions of haste
 h - 7 potions of magic
 i - a potion of berserk rage
 k - 2 potions of brilliance
 m - 4 potions of resistance
Miscellaneous
 D - a lightning rod (3/4)
 I - a tin of tremorstones (1/2)
 K - a phial of floods
 L - a condenser vane (inert)


   Skills:
 + Level 15.9 Fighting
 + Level 14.6 Maces & Flails
 + Level 16.0 Armour
 + Level 12.2 Dodging
 + Level 15.9 Shields
 + Level 15.5 Invocations
 + Level 13.3 Evocations


You had 12 spell levels left.
You didn't know any spells.
Your spell library contained the following spells:

 Spells                   Type           Power      Damage    Failure   Level
 Blink                    Tloc           0%         N/A       99%         2
 Corpse Rot               Necr/Air       0%         N/A       99%         2
 Ensorcelled Hibernation  Hex/Ice        0%         N/A       99%         2
 Poisonous Vapours        Pois/Air       0%         N/A       99%         2
 Scorch                   Fire           0%         2d5       99%         2
 Static Discharge         Conj/Air       0%         N/A       99%         2
 Dazzling Flash           Conj/Hex       0%         N/A       100%        3
 Ignite Poison            Fire/Tmut/Pois 0%         N/A       100%        3
 Mephitic Cloud           Conj/Pois/Air  0%         N/A       100%        3
 Spider Form              Tmut/Pois      0%         N/A       100%        3
 Tukima's Dance           Hex            0%         N/A       100%        3
 Anguish                  Hex/Necr       0%         N/A       100%        4
 Flame Wave               Conj/Fire      0%         2d4       100%        4
 Hailstorm                Conj/Ice       0%         3d3       100%        4
 Ice Form                 Ice/Tmut       0%         N/A       100%        4
 Leda's Liquefaction      Hex/Erth       0%         N/A       100%        4
 Passage of Golubria      Tloc           0%         N/A       100%        4
 Petrify                  Tmut/Erth      0%         N/A       100%        4
 Summon Ice Beast         Ice/Summ       0%         N/A       100%        4
 Summon Lightning Spire   Summ/Air       0%         N/A       100%        4
 Agony                    Necr           0%         N/A       100%        5
 Alistair's Intoxication  Tmut/Pois      0%         N/A       100%        5
 Borgnjor's Vile Clutch   Necr/Erth      0%         N/A       100%        5
 Fireball                 Conj/Fire      0%         3d3       100%        5
 Irradiate                Conj/Tmut      0%         3d13      100%        5
 Iskenderun's Battlesphe  Conj           0%         2d6       100%        5
 Lee's Rapid Deconstruct  Erth           0%         3d5*      100%        5
 Lightning Bolt           Conj/Air       0%         1d11      100%        5
 Metabolic Englaciation   Hex/Ice        0%         N/A       100%        5
 Silence                  Hex/Air        0%         N/A       100%        5
 Summon Forest            Summ/Tloc      0%         N/A       100%        5
 Summon Mana Viper        Hex/Summ       0%         N/A       100%        5
 Yara's Violent Unravell  Hex/Tmut       0%         3d3       100%        5
 Conjure Ball Lightning   Conj/Air       0%         3x3d6     100%        6
 Eringya's Noxious Bog    Tmut/Pois      0%         N/A       100%        6
 Iron Shot                Conj/Erth      0%         9d1       100%        6
 Simulacrum               Ice/Necr       0%         N/A       100%        6
 Summon Cactus Giant      Summ           0%         N/A       100%        6
 Enfeeble                 Hex            0%         N/A       100%        7
 Monstrous Menagerie      Summ           0%         N/A       100%        7
 Spellforged Servitor     Conj/Summ      0%         N/A       100%        7
 Storm Form               Tmut/Air       0%         N/A       100%        7
 Summon Hydra             Summ           0%         N/A       100%        7
 Borgnjor's Revivificati  Necr           0%         N/A       100%        8
 Discord                  Hex            0%         N/A       100%        8
 Disjunction              Tloc           0%         N/A       100%        8
 Maxwell's Capacitive Co  Air            0%         ∞         100%        8
 Necromutation            Tmut/Necr      0%         N/A       100%        8
 Death's Door             Necr           0%         N/A       100%        9
 Sublimation of Blood     Necr           Unusable   N/A       N/A         2
 Statue Form              Tmut/Erth      Unusable   N/A       N/A         6

Dungeon Overview and Level Annotations

Branches:
Dungeon (1/1)

Altars:
Ashenzari
Cheibriados
Dithmenos
Elyvilon
Fedhas
Gozag
Hepliaklqana
Kikubaaqudgha
Makhleb
Nemelex Xobeh
Okawaru
Qazlal
Ru
Sif Muna
Trog
Uskayaw
Vehumet
Wu Jian
Xom
Yredelemnul
Zin
The Shining One
Beogh
Jiyva
Lugonu


Innate Abilities, Weirdness & Mutations

You are immune to sickness and miasma.
Your stone body is resilient. (AC +9)
You are immune to poison.
You resist negative energy. (rN+)
You are resistant to electric shocks. (rElec)
You are resistant to unholy torment.
You are immune to petrification.


Message History

You thrash the iron dragon!! You freeze the iron dragon.
The iron dragon is almost dead.
The crystal guardian glitters, brittle, in the dim dungeon light.
The crystal guardian fires a crystalline bolt at you.
The crystal bolt freezes the earth elemental.
The earth elemental completely resists.
The crystal bolt freezes you. You resist.
* * * LOW HITPOINT WARNING * * *
The crystal bolt freezes the crystal guardian.
The crystal guardian completely resists.
The iron golem hits you but does no damage.
You block the iron golem's attack.
BONNNG!
You block the earth elemental's attack.
GONNNNG!
The iron golem closely misses you. You block the iron golem's attack.
SHROANNG!
You whack the iron dragon! You freeze the iron dragon.
The iron dragon is almost dead.
The earth elemental barely misses you.
The iron dragon bites you but does no damage.
You block the iron dragon's attack.
SHROANNG!
You block the iron dragon's attack.
PANG!
You thrash the iron dragon!! You freeze the iron dragon.
The iron dragon's soul is now yours.
You can now trade souls for undead servants.
You block the crystal guardian's attack.
GONNNNG!
The earth elemental hits your bound iron dragon.
You thrash the iron golem!!
The iron golem is lightly damaged.
The iron golem hits you!!
* * * LOW HITPOINT WARNING * * *
The iron golem hits you.
* * * LOW HITPOINT WARNING * * *
The earth elemental hits you!!
You die...
Your body rises from the dead as a mindless zombie.

▓.........
▓§§§|§§§§§§)=.▓.........
▓§§§§§§§§§§§..▓.........
▓§§§.§§§§§§§§.▓..▓...).▓
▓.§○§§§§§§§§§.▓.▓▓▓)))▓▓
▓..§§§§E§§§○§.▓..▓.....▓
▓....§999§§...▓.....©...
▓....99EEE....▓▓▓▓▓▓▓▓▓▓
▓.C9@ZE.▓ ▓...8©8... ▓
▓▓.9.E.▓▓ ▓...})[)).
▓..▓.......▓..▓..|.==}..
▓.............▓.........
▓......©......▓.........
▓▓▓▓▓▓▓▓▓▓▓▓▓▓▓.........
▓......... ▓..▓...▓..
▓.▓.....▓.


You could see 4 iron golems, a stone giant, 3 crystal guardians, 6 earth
elementals and a friendly bound iron dragon.

Vanquished Creatures
  A shadow dragon (D)
  A ghoul (D)
  2 very ugly things (D)
  2 merfolk impalers (D)
  2 very ugly thing zombies (D)
  5 merfolk javelineers (D)
  A boulder beetle (D)
  A hydra (D)
  A naga warrior (D)
  4 anacondas (D)
  A thrashing horror (D)
  A spectral hydra (D)
  A deep elf knight (D)
  5 soul eaters (D)
  A sea snake (shapeshifter) (D)
  2 sea snakes (D)
  A spectral merfolk (D)
  2 large abominations (D)
  A deep elf archer (D)
  2 deep elf zephyrmancers (D)
  4 deep elf pyromancers (D)
  A harpy (shapeshifter) (D)
  A shining eye (D)
  A worldbinder (D)
  2 manticores (D)
  An elephant (shapeshifter) (D)
  A spectral soul eater (D)
  2 black mambas (D)
  A water nymph (shapeshifter) (D)
  2 naga magi (D)
  3 cane toads (D)
  2 guardian serpents (D)
  A wind drake (D)
  A tarantella (D)
  A slime creature (D)
  A guardian serpent zombie (D)
  2 tarantella zombies (D)
  A dream sheep (D)
  A merfolk zombie (D)
  A blink frog (D)
  An air elemental (D)
  A black mamba zombie (D)
  2 ynoxinuls (D)
  A culicivora (shapeshifter) (D)
  2 yaks (D)
  A wyvern (D)
  A golden eye (D)
  A redback (D)
  2 nagas (D)
  A swamp worm (shapeshifter) (D)
  6 water moccasins (D)
  A hell hound (D)
  3 small abominations (D)
  An elf zombie (D)
  A necrophage (D)
  3 wolves (D)
  2 bullfrogs (D)
  A komodo dragon zombie (D)
  An earth elemental (D)
  2 scorpions (D)
  2 water moccasin zombies (D)
  2 naga zombies (D)
  A wolf zombie (D)
  2 crimson imps (D)
  2 quasits (D)
  An orc priest (D)
  3 jellies (D)
  3 iron imps (D)
  2 iguanas (D)
  An orc wizard (D)
  A spectral quasit (D)
  A spectral crimson imp (D)
  An adder (D)
  A river rat (D)
  3 shadow imps (D)
  A white imp (D)
  5 ufetubi (D)
  2 spectral iron imps (D)
  An adder skeleton (D)
  A spectral shadow imp (D)
  An orc (D)
  A bat zombie (D)
  An endoplasm (D)
  2 jackals (D)
  A ball python skeleton (D)
  2 ball python zombies (D)
  A giant cockroach zombie (D)
  A spectral quokka (D)
  A spectral ufetubus (D)
  A lurking horror (D)
149 creatures vanquished.

Vanquished Creatures (collateral kills)
  A very ugly thing (D)
  A merfolk aquamancer (D)
  A soul eater (D)
  An oklob plant (D)
  2 naga magi (D)
  A gargoyle (D)
  A rime drake (D)
  2 komodo dragons (D)
  An ancient zyme (D)
  A merfolk zombie (D)
  A tarantella (D)
  A blink frog (D)
  A snapping turtle (D)
  A jumping spider (D)
  A redback (D)
  A water moccasin (D)
  A cane toad zombie (D)
  A water moccasin zombie (D)
  A yak zombie (D)
  A quasit (D)
  An orc (D)
  A ball python (D)
24 creatures vanquished.

Vanquished Creatures (others)
  A spectral iron dragon (D)
  A spectral soul eater (D)
  A snapping turtle zombie (D)
  2 earth elementals (D)
  A water moccasin zombie (D)
  2 naga zombies (D)
  A necrophage zombie (D)
  A spectral jelly (D)
  A spectral shadow imp (D)
  An iguana zombie (D)
  A ball python (D)
  A ball python zombie (D)
  A jackal zombie (D)
  3 orc zombies (D)
18 creatures vanquished.

Grand Total: 191 creatures vanquished

Notes
Turn   | Place    | Note
-------+----------+-------------------------------------------
     0 | D        | Revguard the Gargoyle Fighter began the quest for the Orb.
     0 | D        | Reached XP level 1. HP: 14/14 MP: 1/1
     0 | D        | Found a shimmering blue altar of Sif Muna.
     0 | D        | Found a sacrificial altar of Ru.
     0 | D        | Found a bloodstained altar of Trog.
     0 | D        | Found a stormy altar of Qazlal.
     0 | D        | Found an iron altar of Okawaru.
     0 | D        | Found a sparkling altar of Nemelex Xobeh.
     0 | D        | Found a blossoming altar of Fedhas.
     0 | D        | Found the +6 Majin-Bo {vamp, MP+6 Int+6}
     0 | D        | Found the +9 heavy crossbow "Sniper" {vorpal, Acc+∞ SInv}
     0 | D        | Found the +10 dark maul {vorpal}
     0 | D        | Found the +15 Maxwell's patent armour {-Cast -Tele rElec
                  | Will+ rCorr}
     0 | D        | Found the +18 shield of the Gong {rElec rN+ Will+ EV-5}
     0 | D        | Found the +14 obsidian axe {vorpal, Mesm Drain Fly SInv}
     0 | D        | Found the +7 great mace "Firestarter" {inner flame, rF++}
     0 | D        | Found the +6 shillelagh "Devastator" {shatter}
     0 | D        | Found the +11 plutonium sword {Contam Stlth-}
     0 | D        | Found the +8 lance "Wyrmbane" {slay drac, rPois rF+ rC+
                  | AC+3}
     0 | D        | Found the +9 sword of Zonguldrok {reap}
     0 | D        | Found the +13 scythe of Curses {drain, Drain}
     0 | D        | Found the +5 sword of Power {vorpal}
     0 | D        | Found the +7 mace of Variability {chain chaos}
     0 | D        | Found the +7 Singing Sword {vorpal, sonic wave}
     0 | D        | Found the +8 storm bow {elec, penet}
     2 | D        | Found a transporter.
     2 | D        | Found an ancient bone altar of Kikubaaqudgha.
     2 | D        | Found a viscous altar of Jiyva.
     2 | D        | Found a corrupted altar of Lugonu.
     2 | D        | Found a hazy altar of Hepliaklqana.
     2 | D        | Found a burning altar of Makhleb.
     2 | D        | Found an opulent altar of Gozag.
   119 | D        | Became a worshipper of Yredelemnul the Dark
   133 | D        | Reached skill level 4 in Armour
   133 | D        | Reached XP level 2. HP: 20/20 MP: 2/4
   135 | D        | Entered arena 2.
   135 | D        | Found the +7 Spriggan's Knife {stab, EV+4 Stlth+}
   135 | D        | Noticed a necrophage
   135 | D        | Found a transporter.
   139 | D        | Killed a necrophage
   140 | D        | Reached skill level 5 in Fighting
   140 | D        | Reached skill level 5 in Armour
   140 | D        | Reached skill level 5 in Shields
   140 | D        | Reached XP level 3. HP: 24/26 MP: 2/5
   140 | D        | Reached XP level 4. HP: 29/31 MP: 2/6
   174 | D        | Entered arena 3.
   174 | D        | Noticed a water moccasin
   174 | D        | Noticed a water moccasin
   174 | D        | Found a transporter.
   184 | D        | Killed a water moccasin
   185 | D        | Reached skill level 6 in Armour
   185 | D        | Reached XP level 5. HP: 28/36 MP: 6/8
   190 | D        | Killed a water moccasin
   191 | D        | Reached skill level 5 in Maces & Flails
   191 | D        | Reached skill level 5 in Invocations
   191 | D        | Reached XP level 6. HP: 29/42 MP: 7/10
   196 | D        | Entered arena 4.
   196 | D        | Noticed an ancient zyme
   196 | D        | Found a transporter.
   201 | D        | Reached * piety under Yredelemnul
   213 | D        | Killed an ancient zyme
   214 | D        | Reached skill level 7 in Armour
   214 | D        | Reached skill level 5 in Evocations
   214 | D        | Reached XP level 7. HP: 31/48 MP: 7/11
   317 | D        | Entered arena 5.
   317 | D        | Found a transporter.
   339 | D        | Entered arena 6.
   339 | D        | Found a transporter.
   347 | D        | Reached skill level 5 in Dodging
   351 | D        | Reached ** piety under Yredelemnul
   367 | D        | Entered arena 7.
   367 | D        | Noticed a naga mage
   367 | D        | Noticed a naga mage
   367 | D        | Noticed a black mamba
   368 | D        | Found a transporter.
   373 | D        | Killed a black mamba
   374 | D        | Reached skill level 8 in Armour
   374 | D        | Reached XP level 8. HP: 54/54 MP: 13/13
   387 | D        | Killed a naga mage
   391 | D        | Reached *** piety under Yredelemnul
   393 | D        | Killed a naga mage
   394 | D        | Reached skill level 9 in Armour
   394 | D        | Reached XP level 9. HP: 52/60 MP: 13/15
   407 | D        | Entered arena 8.
   408 | D        | Found a transporter.
   411 | D        | Reached **** piety under Yredelemnul
   416 | D        | Reached ***** piety under Yredelemnul
   432 | D        | Entered arena 9.
   432 | D        | Noticed a tarantella
   432 | D        | Noticed a tarantella
   433 | D        | Found a transporter.
   440 | D        | Killed a tarantella
   444 | D        | Killed a tarantella
   456 | D        | Reached skill level 10 in Fighting
   456 | D        | Reached skill level 10 in Armour
   456 | D        | Reached skill level 10 in Shields
   467 | D        | Entered arena 10.
   468 | D        | Found a transporter.
   472 | D        | Reached XP level 10. HP: 54/68 MP: 17/17
   478 | D        | Got the amulet of Axeteq {Acrobat rC++ rN+ Regen+}
   540 | D        | Entered arena 11.
   540 | D        | Found the +8 demon trident "Rift" {distort, reach+}
   540 | D        | Noticed a deep elf pyromancer
   540 | D        | Noticed a deep elf pyromancer
   540 | D        | Noticed a deep elf zephyrmancer
   540 | D        | Noticed a deep elf knight
   540 | D        | Noticed a deep elf pyromancer
   540 | D        | Noticed a deep elf archer
   540 | D        | Noticed a deep elf zephyrmancer
   540 | D        | Noticed a deep elf pyromancer
   541 | D        | Found a transporter.
   544 | D        | Killed a deep elf pyromancer
   544 | D        | Killed a deep elf zephyrmancer
   544 | D        | Killed a deep elf archer
   544 | D        | Killed a deep elf zephyrmancer
   544 | D        | Killed a deep elf pyromancer
   544 | D        | Killed a deep elf knight
   544 | D        | Paralysed by an air elemental for 1 turns
   545 | D        | Reached skill level 10 in Maces & Flails
   545 | D        | Reached skill level 11 in Armour
   545 | D        | Reached skill level 10 in Invocations
   551 | D        | Killed a deep elf pyromancer
   552 | D        | Reached XP level 11. HP: 74/74 MP: 8/19
   554 | D        | Killed a deep elf pyromancer
   565 | D        | Got Guaxy's Reference Book on Toxins and Dislocation
   575 | D        | Entered arena 12.
   575 | D        | Noticed a swamp dragon
   575 | D        | Noticed a lindwurm
   575 | D        | Noticed a shining eye
   575 | D        | Noticed a cyan very ugly thing
   575 | D        | a swamp dragon changed into a yaktaur
   575 | D        | Noticed a shock serpent
   576 | D        | Noticed a red very ugly thing
   576 | D        | Noticed a purple very ugly thing
   576 | D        | Noticed a moth of wrath
   577 | D        | Found a transporter.
   577 | D        | a shock serpent changed into a torpor snail
   578 | D        | Noticed a sea snake
   578 | D        | an eye of devastation changed into a sea snake
   578 | D        | a moth of wrath changed into a water nymph
   578 | D        | Noticed a harpy
   578 | D        | a yaktaur changed into a harpy
   579 | D        | Killed a harpy
   579 | D        | Killed a shining eye
   580 | D        | Reached skill level 12 in Armour
   580 | D        | a lindwurm changed into a culicivora
   583 | D        | Killed a purple very ugly thing
   584 | D        | Killed a sea snake
   585 | D        | Reached ****** piety under Yredelemnul
   585 | D        | Reached skill level 10 in Evocations
   585 | D        | Killed a white very ugly thing
   587 | D        | Killed a white very ugly thing
   633 | D        | Got the ring "Vithag" {Slay+4 SInv}
   638 | D        | Got the ring of Panentheism {rF+ AC+4 Str+7 Dex+4}
   646 | D        | Entered arena 13.
   646 | D        | Noticed a boulder beetle
   646 | D        | Noticed a six-headed hydra
   647 | D        | Noticed an oklob plant
   648 | D        | Found a transporter.
   651 | D        | Reached skill level 13 in Armour
   651 | D        | Reached XP level 12. HP: 82/82 MP: 12/21
   651 | D        | Killed a six-headed hydra
   651 | D        | Enslaved a six-headed hydra
   652 | D        | Killed a boulder beetle
   731 | D        | Got the ring of Cimalacw {Wiz rF- Int+2 Dex+7}
   739 | D        | Entered arena 14.
   740 | D        | Noticed an anaconda
   740 | D        | Noticed an anaconda
   741 | D        | Noticed an anaconda
   741 | D        | Noticed a naga warrior
   742 | D        | Noticed an anaconda
   742 | D        | Found a transporter.
   745 | D        | Reached skill level 10 in Dodging
   745 | D        | Killed an anaconda
   745 | D        | Killed an anaconda
   745 | D        | Killed an anaconda
   747 | D        | Killed an anaconda
   748 | D        | Killed a naga warrior
   963 | D        | Got the ring "Byqica" {rF+ rN+ Str+6 Int+4}
   985 | D        | Entered arena 15.
   986 | D        | Noticed a five-headed hydra
   987 | D        | Found the +3 Elemental Staff {rElec rF++ rC++ AC+5}
   989 | D        | Reached skill level 14 in Armour
   990 | D        | Found a transporter.
   992 | D        | Killed a five-headed hydra
  1011 | D        | Acquired a manual of Axes
  1035 | D        | Entered arena 16.
  1036 | D        | Noticed a soul eater
  1036 | D        | Noticed a soul eater
  1036 | D        | Noticed a soul eater
  1036 | D        | Noticed a soul eater
  1036 | D        | Found the amulet of the Air {Inacc Air Fly rElec RMsl}
  1037 | D        | Noticed a shadow dragon
  1037 | D        | Noticed a soul eater
  1037 | D        | Noticed a soul eater
  1037 | D        | Noticed a ghoul
  1039 | D        | Found a transporter.
  1047 | D        | Killed a soul eater
  1051 | D        | Killed a ghoul
  1052 | D        | Reached XP level 13. HP: 91/91 MP: 23/23
  1057 | D        | Killed a shadow dragon
  1109 | D        | Got the Catalogue of Attacks
  1126 | D        | Entered arena 17.
  1129 | D        | Noticed a merfolk javelineer
  1129 | D        | Noticed a merfolk javelineer
  1129 | D        | Noticed a merfolk javelineer
  1129 | D        | Noticed a merfolk javelineer
  1129 | D        | Noticed a merfolk impaler
  1130 | D        | Noticed a merfolk impaler
  1130 | D        | Noticed a merfolk javelineer
  1130 | D        | Identified the +9 glaive "Impslayer" {vorpal, Dex+3}
  1133 | D        | Killed a merfolk javelineer
  1133 | D        | Killed a merfolk javelineer
  1133 | D        | Killed a merfolk javelineer
  1133 | D        | Killed a merfolk impaler
  1133 | D        | Killed a merfolk javelineer
  1133 | D        | Killed a merfolk javelineer
  1134 | D        | Reached skill level 15 in Fighting
  1134 | D        | Reached skill level 15 in Armour
  1134 | D        | Reached skill level 15 in Shields
  1134 | D        | Reached skill level 15 in Invocations
  1136 | D        | Killed a merfolk impaler
  1183 | D        | Found a transporter.
  1196 | D        | Entered arena 18.
  1203 | D        | Found a transporter.
  1322 | D        | Got the Compendium of Venom and Weightlessness
  1324 | D        | Got the ring "Asalifoc" {rPois Will+ rCorr Dex+4}
  1329 | D        | Entered arena 19.
  1332 | D        | Noticed an iron golem
  1332 | D        | Noticed an iron dragon
  1333 | D        | Noticed a stone giant
  1333 | D        | Noticed an iron golem
  1333 | D        | Noticed a crystal guardian
  1333 | D        | Noticed a crystal guardian
  1333 | D        | Noticed an iron golem
  1333 | D        | Noticed an iron dragon
  1333 | D        | Noticed an iron golem
  1333 | D        | Noticed a crystal guardian
  1337 | D        | Reached skill level 16 in Armour
  1346 | D        | HP: 4/93 [crystal guardian/crystal bolt (2)]
  1350 | D        | Killed an iron dragon
  1350 | D        | Enslaved an iron dragon
  1358 | D        | Killed an iron dragon
  1358 | D        | Enslaved an iron dragon
  1359 | D        | Mangled by an earth elemental

Illustrated notes

Levels and vault maps discovered:
D:        sprint_v [room_start, room_1, room_2, room_3, room_4, room_5, room_6,
          room_7, room_8, room_9, room_10, room_11, room_12, room_13, room_14,
          room_15, room_16, room_17, room_18, room_19, room_20, room_21,
          room_22, room_23, room_24, room_25, room_26, room_27]

Skill      XL: |  1  2  3  4  5  6  7  8  9 10 11 12 13 |
---------------+----------------------------------------+-----
Fighting       | 4 5 6 7 8 10 11 12 14 15 | 15.9
Maces & Flails | 3 4 5 6 7 9 10 11 13 14 | 14.6
Armour         | 4 5 6 7 8 9 10 11 13 14 16 | 16.0
Dodging        | 2 3 4 5 6 7 8 9 10 12 | 12.2
Shields        | 4 5 6 7 8 10 11 12 14 15 | 15.9
Invocations    | 2 3 4 5 6 7 8 9 10 12 14 15 | 15.5
Evocations     | 2 3 4 5 6 7 9 10 11 13 | 13.3

Action                   |  1- 3 |  4- 6 |  7- 9 | 10-12 | 13-15 || total
-------------------------+-------+-------+-------+-------+-------++-------
Melee: Demon whip        |     3 |    32 |    69 |    32 |    40 ||   176
Invok: Recall Undead Har |       |     1 |       |       |       ||     1
       Dark Bargain      |       |       |       |     2 |       ||     2
       Drain Life        |       |       |       |     1 |       ||     1
       Bind Soul         |       |       |       |     1 |     3 ||     4
Evoke: Lightning rod     |       |       |     2 |       |     1 ||     3
       Tin of tremorston |       |       |     1 |     9 |     3 ||    13
       Condenser vane    |       |       |       |     4 |     3 ||     7
       Wand              |       |       |       |       |     4 ||     4
  Use: Potion            |     1 |       |       |     2 |     4 ||     7
       Scroll            |       |       |       |     6 |       ||     6
 Stab: Distracted        |       |     1 |     2 |     3 |     1 ||     7
       Invisible         |       |       |       |     1 |       ||     1
Armor: Plate armour      |     1 |    27 |    32 |    35 |    19 ||   114
Dodge: Dodged            |       |     1 |     4 |    16 |    14 ||    35
Block: Kite shield       |     7 |    50 |   121 |    54 |    58 ||   290
